 Dungeon Crawl Stone Soup version 0.31.0-11-ge490571c62 (webtiles) character file.

Game seed: 11004712616850167696

525 qw the Ducker (level 7, -1/35 HPs)
             Began as a Spriggan Hunter on Feb 4, 2024.
             Slain by an orc wizard
             ... wielding a +0 dagger
              (3 damage)
             ... on level 4 of the Dungeon.
             The game lasted 00:01:02 (3028 turns).

qw the Ducker (Spriggan Hunter)                     Turns: 3028, Time: 00:01:03

Health: -1/35      AC:  2    Str:  7    XL:     7   Next: 2%
Magic:  8/8        EV: 22    Int: 11    God:
Gold:   280        SH:  0    Dex: 20    Spells: 6/6 levels left

rFire   . . .        a - +1 shortbow
rCold   . . .        (shield currently unavailable)
rNeg    + . .        c - +0 robe
rPois   .            (helmet restricted)
rElec   .            (no cloak)
rCorr   .            (gloves unavailable)
SInv    +            (boots unavailable)
Will    ++...        (no amulet)
Stlth   ++           d - ring of positive energy
HPRegen 0.25/turn    h - ring of willpower
MPRegen 0.11/turn

%: no passive effects
@: very quick
A: very small, no large weapons, unfitting armour, see invisible, speed 3
a: no special abilities


You were on level 4 of the Dungeon.
You visited 1 branch of the dungeon, and saw 4 of its levels.

You collected 280 gold pieces.


Innate Abilities, Weirdness & Mutations

You are very small and have problems with some larger weapons.
You are too small for most types of armour.
You have supernaturally acute eyesight. (SInv)
You cover ground extremely quickly. (Speed+++)


   Skills:
 - Level 2.0 Fighting
 + Level 6.7 Ranged Weapons
 - Level 6.8 Dodging
 - Level 1.5 Stealth


You had 6 spell levels left.
You didn't know any spells.
Your spell library was empty.

Inventory:

Hand Weapons
 a - a +1 shortbow (weapon)
Armour
 c - a +0 robe (worn)
Jewellery
 d - a ring of positive energy (left hand)
 h - a ring of willpower (right hand)
Wands
 b - a wand of paralysis (4)
Scrolls
 i - a scroll of revelation {unknown}
 j - a scroll of identify {unknown}
 k - a scroll of brand weapon {unknown}
Potions
 e - a potion of might {unknown}
 f - 2 potions of brilliance {unknown}
 g - a potion of mutation {unknown}
 l - a potion of ambrosia {unknown}
 m - a potion of berserk rage {unknown}
 n - a potion of resistance {unknown}

Dungeon Overview and Level Annotations

Branches:
Dungeon (4/15)
 Temple: D:4-7

Altars:


Message History

The arrow hits the orc wizard but does no damage.
The quokka completely misses you. x2; The orc barely misses you.
The orc wizard closely misses you.
The giant cockroach completely misses you.
The quokka completely misses you.
You shoot an arrow. The arrow barely misses the orc wizard.
The quokka closely misses you. The orc completely misses you.
The quokka barely misses you.
The orc wizard points at you and mumbles some strange words.
You resist with almost no effort. The giant cockroach closely misses you.
The quokka completely misses you.
You shoot an arrow.
The arrow hits the orc wizard but does no damage.
The quokka barely misses you.
The giant cockroach bites you but does no damage.
The orc misses you. The orc wizard completely misses you.
The quokka barely misses you.
You shoot an arrow. The arrow hits the orc wizard!
The orc wizard is heavily wounded.
The quokka misses you. The giant cockroach bites you. The orc misses you.
The orc wizard barely misses you. The quokka misses you.
The quokka completely misses you. The giant cockroach closely misses you.
You shoot an arrow. The arrow misses the orc wizard.
The orc hits you but does no damage. The orc wizard closely misses you.
The quokka completely misses you. x2; The giant cockroach misses you.
You shoot an arrow.
The arrow closely misses the orc wizard.
The quokka closely misses you. The orc barely misses you.
The orc wizard points at you and mumbles some strange words.
The magic dart hits you. The quokka closely misses you.
The giant cockroach closely misses you. The quokka misses you.
The orc completely misses you.
You shoot an arrow. The arrow misses the orc wizard.
The quokka completely misses you.
The orc wizard points at you and mumbles some strange words.
The puff of flame misses you.
The puff of flame hits the quokka!
The quokka dies!
The giant cockroach barely misses you. The orc completely misses you.
The orc wizard hits you with a +0 dagger.
You die...

.##...# #>...... ........
##.......<. ##..... ....#
...)# #...# #. #oB.#
#....## # #.######@o.#
#.....#### #.......%r.#
#.......#. #..######..#
#......#.. #..######..#
#...... #..#.......#~
#..##..
#..#.#######~~~####..###.
#....# #~~~#.......##
#..#.## #~~~#.##..#.##
#.###.# #...#..#..#.#


You could see an orc wizard (invisible), an orc, a quokka and a giant cockroach.

Vanquished Creatures
  Menkaure (D:4)
  An ogre (D:4)
  A bombardier beetle (D:4)
  A gnoll bouda (D:4)
  An orc priest (D:4)
  Jessica (D:2)
  A sleepcap (D:4)
  9 adders
  2 dart slugs
  A ribbon worm (D:3)
  10 orcs
  7 endoplasms
  A giant cockroach (D:1)
  6 goblins
  10 hobgoblins
  6 quokkas
  14 ball pythons
  9 bats
  4 frilled lizards
  4 kobolds
  2 rats (D:1)
92 creatures vanquished.

Vanquished Creatures (others)
  A quokka (D:4)
1 creature vanquished.

Grand Total: 93 creatures vanquished

Notes
Turn   | Place    | Note
-------+----------+-------------------------------------------
     0 | D:1      | qw the Spriggan Hunter began the quest for the Orb.
     0 | D:1      | Reached XP level 1. HP: 10/10 MP: 2/2
     0 | D:1      | 0 ||| qw: Version: 0.3-a-160-g6735b56
     0 | D:1      | 0 ||| qw: Game counter: 5744
     0 | D:1      | 0 ||| qw: Melee chars always use a shield: true
     0 | D:1      | 0 ||| qw: God list: Okawaru
     0 | D:1      | 0 ||| qw: Allow faded altars: false
     0 | D:1      | 0 ||| qw: Do Orc after clearing Dungeon:15 true
     0 | D:1      | 0 ||| qw: Do second Lair branch before Depths: true
     0 | D:1      | 0 ||| qw: Lair rune preference: random
     0 | D:1      | 0 ||| qw: Goals: Normal
     0 | D:1      | 0 ||| PLANNING D:1-11
    24 | D:1      | Reached skill level 3 in Dodging
   129 | D:1      | Reached XP level 2. HP: 14/14 MP: 3/3
   432 | D:1      | Reached XP level 3. HP: 18/18 MP: 4/4
   844 | D:1      | 844 ||| READING scroll labelled BAHIGHU MAIQAE.
   844 | D:1      | 844 ||| ENCHANTING +0 shortbow.
   845 | D:1      | 845 ||| DROPPING scroll of butterflies.
   977 | D:2      | Noticed Jessica
   980 | D:2      | 980 ||| FLEEEEING.
   981 | D:2      | 981 ||| FLEEEEING.
   982 | D:2      | 982 ||| FLEEEEING.
   983 | D:2      | 983 ||| FLEEEEING.
   984 | D:2      | 984 ||| FLEEEEING.
   985 | D:2      | 985 ||| FLEEEEING.
   986 | D:2      | 986 ||| FLEEEEING.
   988 | D:2      | 988 ||| FLEEEEING.
   989 | D:2      | 989 ||| FLEEEEING.
   990 | D:2      | 990 ||| FLEEEEING.
   993 | D:2      | Killed Jessica
  1122 | D:2      | Reached XP level 4. HP: 22/22 MP: 5/5
  1489 | D:2      | 1489 ||| UPGRADING to ring of positive energy.
  1490 | D:2      | 1490 ||| READING scroll labelled LANAYFEROFU.
  1512 | D:3      | 1512 ||| STAIRDANCE
  1527 | D:3      | 1527 ||| STAIRDANCE
  1560 | D:3      | 1560 ||| STAIRDANCE
  1825 | D:3      | Reached XP level 5. HP: 26/26 MP: 6/6
  2409 | D:3      | 2409 ||| UPGRADING to ring of willpower.
  2429 | D:4      | 2429 ||| PLANNING SEWER
  2435 | D:4      | 2435 ||| STAIRDANCE
  2452 | D:4      | 2452 ||| STAIRDANCE
  2471 | D:4      | 2471 ||| STAIRDANCE
  2547 | D:4      | 2547 ||| FLEEEEING.
  2549 | D:4      | 2549 ||| FLEEEEING.
  2550 | D:4      | 2550 ||| FLEEEEING.
  2551 | D:4      | 2551 ||| FLEEEEING.
  2552 | D:4      | 2552 ||| FLEEEEING.
  2553 | D:4      | 2553 ||| FLEEEEING.
  2556 | D:4      | 2556 ||| FLEEEEING.
  2557 | D:4      | 2557 ||| FLEEEEING.
  2558 | D:4      | 2558 ||| FLEEEEING.
  2559 | D:4      | 2559 ||| FLEEEEING.
  2560 | D:4      | 2560 ||| FLEEEEING.
  2561 | D:4      | 2561 ||| FLEEEEING.
  2562 | D:4      | 2562 ||| FLEEEEING.
  2563 | D:4      | 2563 ||| STAIRDANCE
  2743 | D:4      | Reached skill level 6 in Ranged Weapons
  2784 | D:4      | Noticed Menkaure
  2787 | D:4      | Reached XP level 6. HP: 30/30 MP: 7/7
  2787 | D:4      | 2787 ||| ZAPPING wand of paralysis (9) at 5,0 (Menkaure;
                  | floor).
  2788 | D:4      | 2788 ||| ZAPPING wand of paralysis (8) at 5,0 (Menkaure;
                  | floor).
  2789 | D:4      | 2789 ||| FLEEEEING.
  2792 | D:4      | 2792 ||| ZAPPING wand of paralysis (7) at 4,1 (Menkaure;
                  | floor).
  2793 | D:4      | 2793 ||| ZAPPING wand of paralysis (6) at 3,1 (Menkaure;
                  | floor).
  2794 | D:4      | 2794 ||| ZAPPING wand of paralysis (5) at 2,1 (Menkaure;
                  | floor).
  2801 | D:4      | Killed Menkaure
  2802 | D:4      | Reached skill level 6 in Dodging
  3021 | D:4      | Reached XP level 7. HP: 10/35 MP: 8/8
  3021 | D:4      | HP: 8/35 [orc wizard/+0 dagger (2)]
  3027 | D:4      | HP: 1/35 [orc wizard/magic dart (6)]
  3028 | D:4      | Slain by an orc wizard

Levels and vault maps discovered:
D:1:      roderic_octagonal_star, layout_basic, chequers_serial_rivers_micro_e
D:2:      layout_loops_cross, minmay_misc_feat_pillars, uniq_jessica
D:3:      layout_basic, minmay_ruptured
D:4:      kennysheep_spiral_hall, layout_loops_ring, portal_sewer_entry_f,
          minmay_misc_feat_iff, uniq_menkaure

Skill      XL: |  1  2  3  4  5  6 |
---------------+-------------------+-----
Dodging        | 3 4 5 6 |  6.8
Ranged Weapons | 5 6 |  6.7
Fighting       | 2 |  2.0
Stealth        | |  1.5

Action                     |  1- 3 |  4- 6 |  7- 9 || total
---------------------------+-------+-------+-------++-------
   Fire: Shortbow          |    66 |   166 |     8 ||   240
  Evoke: Wand              |       |     5 |       ||     5
    Use: Scroll            |     1 |     1 |       ||     2
 Armour: Robe              |     5 |    22 |     7 ||    34
  Dodge: Dodged            |     7 |    68 |    39 ||   114

Table legend:
 A = Non-vault XP
 B = Vault XP
 C = Vault XP percentage of total XP
 D = Non-vault monster count
 E = Vault monster count
 F = Vault count percentage of total count
                 A         B        C        D         E       F
            +---------+---------+-------+---------+---------+-------
      Total |     462 |     288 |  38.4 |      82 |      10 |  10.9
            +---------+---------+-------+---------+---------+-------
        D:1 |      48 |       0 |   0.0 |      29 |       0 |   0.0
        D:2 |      41 |      51 |  55.4 |      10 |       2 |  16.7
        D:3 |      80 |       3 |   3.6 |      23 |       2 |   8.0
        D:4 |     293 |     234 |  44.4 |      20 |       6 |  23.1
            +---------+---------+-------+---------+---------+-------
